TOP OF THE 1ST |
Spokane Indians batting - Pitching for Tacoma Cubs : LHP Bob Sykes
|
Pitching: LHP Bob Sykes
|
|
Batting: RHB Craig Landis
|
0-0: Foul Ball, location: 2F 0-1: Ball 1-1: Foul Ball, location: 2F 1-2: Ball 2-2: Foul Ball, location: 2F 2-2: SINGLE (Flyball, 4MD, EV 84.4 MPH)
|
Batting: RHB Reggie Whittemore
|
0-0: Foul Ball, location: 2F 0-1: Foul Ball, location: 2F 0-2: Ball Craig Landis steals 2nd base 1-2: Strikes out looking
|
Batting: RHB Jeffrey Ronk
|
0-0: Ball 1-0: Ball 2-0: Ball 3-0: Swinging Strike 3-1: Base on Balls
|
Batting: RHB Matthew Tyner
|
0-0: Called Strike Craig Landis steals 3rd base Jeffrey Ronk to second 0-1: Fly out, F9 (Flyball, 9LS, EV 92.5 MPH)
|
Batting: RHB John Hanley
|
0-0: Called Strike 0-1: Swinging Strike 0-2: Ball 1-2: Strikes out swinging
|
Top of the 1st over - 0 runs, 1 hit, 0 errors, 2 left on base; Spokane 0 - Tacoma 0 |
BOTTOM OF THE 1ST |
Tacoma Cubs batting - Pitching for Spokane Indians : LHP Joe Hesketh
|
Pitching: LHP Joe Hesketh
|
|
Batting: LHB John Elway
|
0-0: Called Strike 0-1: Ball 1-1: Ball 2-1: Foul Ball, location: 2F 2-2: Strikes out swinging
|
Batting: RHB Glenn Hubbard
|
0-0: Ground out 6-3 (Groundball, 6, EV 96.9 MPH)
|
Batting: LHB Broderick Perkins
|
0-0: Ball 1-0: Fly out, F7 (Line Drive, 7, EV 89.4 MPH)
|
Bottom of the 1st over - 0 runs, 0 hits, 0 errors, 0 left on base; Spokane 0 - Tacoma 0 |
TOP OF THE 2ND |
Spokane Indians batting - Pitching for Tacoma Cubs : LHP Bob Sykes
|
Batting: LHB Dave Stockstill
|
0-0: Ball 1-0: Ball 2-0: Fly out, F8 (Flyball, 8RM, EV 90.0 MPH)
|
Batting: RHB Cleo Smith
|
0-0: Ball 1-0: Swinging Strike 1-1: Foul Ball, location: 2F 1-2: Foul Ball, location: 2F 1-2: Fly out, F9 (Flyball, 9LS, EV 88.1 MPH)
|
Batting: RHB Ty Waller
|
0-0: SINGLE (Groundball, 34D, EV 101.3 MPH)
|
Batting: RHB Kevin Harvey
|
0-0: Called Strike 0-1: Called Strike 0-2: Ball 1-2: Ball 2-2: Ball 3-2: Foul Ball, location: 2F 3-2: Ground out 6-3 (Groundball, 6, EV 80.6 MPH)
|
Top of the 2nd over - 0 runs, 1 hit, 0 errors, 1 left on base; Spokane 0 - Tacoma 0 |
BOTTOM OF THE 2ND |
Tacoma Cubs batting - Pitching for Spokane Indians : LHP Joe Hesketh
|
Batting: LHB Dan Pasqua
|
0-0: Ball 1-0: Ball 2-0: Foul Ball, location: 2F 2-1: Ball 3-1: Foul Ball, location: 2F 3-2: Strikes out swinging
|
Batting: RHB Billy Cree
|
0-0: Foul Ball, location: 2F 0-1: Foul Ball, location: 2F 0-2: Ball 1-2: Ground out 6-3 (Groundball, 6, EV 80.6 MPH)
|
Batting: LHB Thad Bosley
|
0-0: Called Strike 0-1: Foul Ball, location: 2F 0-2: Foul Ball, location: 2F 0-2: Foul Ball, location: 2F 0-2: Ball 1-2: Ball 2-2: Fly out, F8 (Line Drive, 8LD, EV 103.8 MPH)
|
Bottom of the 2nd over - 0 runs, 0 hits, 0 errors, 0 left on base; Spokane 0 - Tacoma 0 |
TOP OF THE 3RD |
Spokane Indians batting - Pitching for Tacoma Cubs : LHP Bob Sykes
|
Batting: RHB Craig Landis
|
0-0: Swinging Strike 0-1: Ball 1-1: Foul Ball, location: 2F 1-2: Strikes out looking
|
Batting: RHB Reggie Whittemore
|
0-0: Ball 1-0: Called Strike 1-1: Ball 2-1: Ball 3-1: Swinging Strike 3-2: Strikes out swinging
|
Batting: RHB Jeffrey Ronk
|
0-0: Ball 1-0: Ground out 6-3 (Groundball, 6, EV 81.9 MPH)
|
Top of the 3rd over - 0 runs, 0 hits, 0 errors, 0 left on base; Spokane 0 - Tacoma 0 |
BOTTOM OF THE 3RD |
Tacoma Cubs batting - Pitching for Spokane Indians : LHP Joe Hesketh
|
Batting: RHB Amos Lewis
|
0-0: Swinging Strike 0-1: Fly out, F9 (Flyball, 9D, EV 81.3 MPH)
|
Batting: LHB Jim Tracy
|
0-0: Ground out 4-3 (Groundball, 4, EV 84.4 MPH)
|
Batting: RHB Alex Trevino
|
0-0: Ball 1-0: Foul Ball, location: 2F 1-1: Ball 2-1: Foul Ball, location: 2F 2-2: Ground out 6-3 (Groundball, 56, EV 84.4 MPH)
|
Bottom of the 3rd over - 0 runs, 0 hits, 0 errors, 0 left on base; Spokane 0 - Tacoma 0 |
TOP OF THE 4TH |
Spokane Indians batting - Pitching for Tacoma Cubs : LHP Bob Sykes
|
Batting: RHB Matthew Tyner
|
0-0: Ball 1-0: Fly out, F7 (Flyball, 78D, EV 76.9 MPH)
|
Batting: RHB John Hanley
|
0-0: Called Strike 0-1: Foul Ball, location: 2F 0-2: Strikes out swinging
|
Batting: LHB Dave Stockstill
|
0-0: Foul Ball, location: 2F 0-1: Foul Ball, location: 2F 0-2: Foul Ball, location: 2F 0-2: Foul Ball, location: 2F 0-2: Ball 1-2: Strikes out swinging
|
Top of the 4th over - 0 runs, 0 hits, 0 errors, 0 left on base; Spokane 0 - Tacoma 0 |
BOTTOM OF THE 4TH |
Tacoma Cubs batting - Pitching for Spokane Indians : LHP Joe Hesketh
|
Batting: LHB John Elway
|
0-0: Ground out U3 (Groundball, 34D, EV 103.8 MPH)
|
Batting: RHB Glenn Hubbard
|
0-0: Called Strike 0-1: Swinging Strike 0-2: Foul Ball, location: 2F 0-2: Fly out, F7 (Flyball, 7S, EV 97.5 MPH)
|
Batting: LHB Broderick Perkins
|
0-0: Ball 1-0: Ball 2-0: Foul Ball, location: 2F 2-1: Foul Ball, location: 2F 2-2: Strikes out swinging
|
Bottom of the 4th over - 0 runs, 0 hits, 0 errors, 0 left on base; Spokane 0 - Tacoma 0 |
TOP OF THE 5TH |
Spokane Indians batting - Pitching for Tacoma Cubs : LHP Bob Sykes
|
Batting: RHB Cleo Smith
|
0-0: Called Strike 0-1: Ball 1-1: Foul Ball, location: 2F 1-2: Ground out 4-3 (Groundball, 4M, EV 105.0 MPH)
|
Batting: RHB Ty Waller
|
0-0: Fly out, F9 (Flyball, 9D, EV 102.5 MPH)
|
Batting: RHB Kevin Harvey
|
0-0: Foul Ball, location: 2F 0-1: Foul Ball, location: 2F 0-2: Ball 1-2: Ball 2-2: Ground out 6-3 (Groundball, 56, EV 88.8 MPH)
|
Top of the 5th over - 0 runs, 0 hits, 0 errors, 0 left on base; Spokane 0 - Tacoma 0 |
BOTTOM OF THE 5TH |
Tacoma Cubs batting - Pitching for Spokane Indians : LHP Joe Hesketh
|
Batting: LHB Dan Pasqua
|
0-0: Foul Ball, location: 2F 0-1: Foul Ball, location: 2F 0-2: Ball 1-2: Foul Ball, location: 2F 1-2: Ball 2-2: Ball 3-2: SINGLE (Groundball, 56D, EV 104.4 MPH)
|
Batting: RHB Billy Cree
|
Pickoff Throw to First - Out! 1-3 0-0: SINGLE (Line Drive, 3D, EV 105.6 MPH)
|
Batting: LHB Thad Bosley
|
0-0: Called Strike 0-1: Fly out, F9 (Line Drive, 9D, EV 98.1 MPH)
|
Batting: RHB Amos Lewis
|
0-0: Called Strike 0-1: Ball 1-1: SINGLE (Groundball, 34D, EV 105.6 MPH) Billy Cree to second Runner from 2nd tries for 3rd, SAFE, throw by RF made to third
|
Batting: LHB Jim Tracy
|
0-0: Called Strike 0-1: Ball 1-1: Ball 2-1: Ball 3-1: Fly out, F7 (Flyball, 78M, EV 71.9 MPH)
|
Bottom of the 5th over - 0 runs, 3 hits, 0 errors, 2 left on base; Spokane 0 - Tacoma 0 |
TOP OF THE 6TH |
Spokane Indians batting - Pitching for Tacoma Cubs : LHP Bob Sykes
|
Batting: RHB Craig Landis
|
0-0: Foul Ball, location: 2F 0-1: Fly out, F8 (Flyball, 8LD, EV 97.5 MPH)
|
Batting: RHB Reggie Whittemore
|
0-0: Ball 1-0: Ball 2-0: Called Strike 2-1: Fly out, F9 (Flyball, 9S, EV 89.4 MPH)
|
Batting: RHB Jeffrey Ronk
|
0-0: Called Strike 0-1: Foul Ball, location: 2F 0-2: Ball 1-2: Fly out, F8 (Flyball, 8LXD, EV 110.0 MPH)
|
Top of the 6th over - 0 runs, 0 hits, 0 errors, 0 left on base; Spokane 0 - Tacoma 0 |
BOTTOM OF THE 6TH |
Tacoma Cubs batting - Pitching for Spokane Indians : LHP Joe Hesketh
|
Batting: RHB Alex Trevino
|
0-0: Ball 1-0: Called Strike 1-1: Foul Ball, location: 2F 1-2: Ball 2-2: Ball 3-2: Ground out U3 (Groundball, 3S, EV 81.3 MPH)
|
Batting: LHB John Elway
|
0-0: Ball 1-0: Swinging Strike 1-1: Ball 2-1: Foul Ball, location: 2F 2-2: Strikes out swinging
|
Batting: RHB Glenn Hubbard
|
0-0: Fly out, F3 (Popup, 34S, EV 67.5 MPH)
|
Bottom of the 6th over - 0 runs, 0 hits, 0 errors, 0 left on base; Spokane 0 - Tacoma 0 |
TOP OF THE 7TH |
Spokane Indians batting - Pitching for Tacoma Cubs : LHP Bob Sykes
|
Batting: RHB Matthew Tyner
|
0-0: Ball 1-0: Swinging Strike 1-1: Ball 2-1: Ball 3-1: SOLO HOME RUN (Flyball, 78XD, EV 92.5 MPH), Distance : 411 ft
|
Batting: RHB John Hanley
|
0-0: Ball 1-0: Ball 2-0: Swinging Strike 2-1: Reached on error, E5 (Groundball, 56, EV 86.3 MPH)
|
Batting: LHB Dave Stockstill
|
0-0: Called Strike 0-1: Called Strike 0-2: Foul Ball, location: 2F 0-2: Ball 1-2: Fly out, F8 (Flyball, 8LM, EV 89.4 MPH)
|
Batting: RHB Cleo Smith
|
0-0: Ball 1-0: Ball 2-0: Ball 3-0: Called Strike 3-1: Grounds into double play, 6-4-3 (Groundball, 6, EV 79.4 MPH)
|
Top of the 7th over - 1 run, 1 hit, 1 error, 0 left on base; Spokane 1 - Tacoma 0 |
BOTTOM OF THE 7TH |
Tacoma Cubs batting - Pitching for Spokane Indians : LHP Joe Hesketh
|
Batting: LHB Broderick Perkins
|
0-0: Foul Ball, location: 2F 0-1: Ground out 2-3 (Groundball, 15S, EV 65.6 MPH)
|
Batting: LHB Dan Pasqua
|
0-0: Called Strike 0-1: SINGLE (Flyball, 7S, EV 86.3 MPH) - OUT at second base trying to stretch hit.
|
Batting: RHB Billy Cree
|
0-0: Foul Ball, location: 2F 0-1: Ball 1-1: Foul Ball, location: 2F 1-2: Foul Ball, location: 2F 1-2: Fly out, F8 (Line Drive, 8LD, EV 88.8 MPH)
|
Bottom of the 7th over - 0 runs, 1 hit, 0 errors, 0 left on base; Spokane 1 - Tacoma 0 |
TOP OF THE 8TH |
Spokane Indians batting - Pitching for Tacoma Cubs : LHP Bob Sykes
|
Batting: RHB Ty Waller
|
0-0: Ball 1-0: Called Strike 1-1: Ground out 6-3 (Groundball, 6, EV 86.9 MPH)
|
Batting: RHB Kevin Harvey
|
0-0: Called Strike 0-1: Ball 1-1: Called Strike 1-2: Foul Ball, location: 2F 1-2: Ball 2-2: Fly out, F8 (Line Drive, 8LD, EV 90.6 MPH)
|
Batting: RHB Craig Landis
|
0-0: Ball 1-0: Called Strike 1-1: Ball 2-1: Ball 3-1: Foul Ball, location: 2F 3-2: Strikes out looking
|
Top of the 8th over - 0 runs, 0 hits, 0 errors, 0 left on base; Spokane 1 - Tacoma 0 |
BOTTOM OF THE 8TH |
Tacoma Cubs batting - Pitching for Spokane Indians : LHP Joe Hesketh
|
Batting: LHB Thad Bosley
|
0-0: Ball 1-0: Ball 2-0: Called Strike 2-1: SINGLE (Flyball, 3D, EV 87.5 MPH)
|
Batting: RHB Amos Lewis
|
0-0: Called Strike 0-1: Ball 1-1: Ball 2-1: Ball 3-1: Called Strike 3-2: Base on Balls Thad Bosley to second
|
Batting: LHB Jim Tracy
|
0-0: Ball 1-0: Called Strike 1-1: Fielders Choice at 2nd, 4-6 (Groundball, 4, EV 84.4 MPH) Thad Bosley to third
|
Batting: RHB Alex Trevino
|
0-0: Swinging Strike 0-1: Fly out, F9 (Flyball, 89D, EV 105.0 MPH) Runner from 3rd tags up, SCORES, no throw by RF
|
Batting: LHB John Elway
|
0-0: Ball 1-0: Fly out, F8 (Flyball, 8RD, EV 95.6 MPH)
|
Bottom of the 8th over - 1 run, 1 hit, 0 errors, 1 left on base; Spokane 1 - Tacoma 1 |
TOP OF THE 9TH |
Spokane Indians batting - Pitching for Tacoma Cubs : LHP Bob Sykes
|
Pitching: RHP Paul Thormodsgard
|
|
Batting: SHB Mark Gillaspie
|
0-0: Ground out 3-1 (Groundball, 34, EV 77.5 MPH)
|
Pinch Hitting: LHB Stu Pederson
|
0-0: Foul Ball, location: 2F 0-1: Foul Ball, location: 2F 0-2: Foul Ball, location: 2F 0-2: Foul Ball, location: 2F 0-2: Ball 1-2: Foul Ball, location: 2F 1-2: Strikes out looking
|
Pinch Hitting: LHB Joseph Lentsch
|
0-0: Called Strike 0-1: Ball 1-1: Swinging Strike 1-2: Ball 2-2: Fly out, F8 (Flyball, 8RD, EV 86.3 MPH)
|
Top of the 9th over - 0 runs, 0 hits, 0 errors, 0 left on base; Spokane 1 - Tacoma 1 |
BOTTOM OF THE 9TH |
Tacoma Cubs batting - Pitching for Spokane Indians : LHP Joe Hesketh
|
Now at 2B: Larry Fobbs
|
|
Now in LF: Stu Pederson
|
|
Batting: RHB Glenn Hubbard
|
0-0: Ball 1-0: Ball 2-0: Called Strike 2-1: Foul Ball, location: 2F 2-2: SINGLE (Line Drive, 3, EV 88.1 MPH)
|
Batting: LHB Broderick Perkins
|
0-0: Ball 1-0: Grounds into double play, 5-4-3 (Groundball, 56S, EV 92.5 MPH)
|
Batting: LHB Dan Pasqua
|
0-0: Ball 1-0: Ball 2-0: Called Strike 2-1: Fly out, F7 (Line Drive, 7, EV 83.1 MPH)
|
Bottom of the 9th over - 0 runs, 1 hit, 0 errors, 0 left on base; Spokane 1 - Tacoma 1 |
TOP OF THE 10TH |
Spokane Indians batting - Pitching for Tacoma Cubs : RHP Paul Thormodsgard
|
Batting: RHB John Hanley
|
0-0: Ball 1-0: Ball 2-0: Ground out 6-3 (Groundball, 6, EV 78.1 MPH)
|
Batting: LHB Dave Stockstill
|
0-0: Swinging Strike 0-1: Called Strike 0-2: Foul Ball, location: 2F 0-2: Foul Ball, location: 2F 0-2: Ball 1-2: Ball 2-2: SINGLE (Groundball, 6D, EV 98.8 MPH)
|
Batting: RHB Cleo Smith
|
0-0: Ball 1-0: Called Strike 1-1: Ball 2-1: Called Strike 2-2: Strikes out swinging
|
Batting: RHB Ty Waller
|
0-0: Ball 1-0: Called Strike 1-1: Foul Ball, location: 2F 1-2: Ball 2-2: Foul Ball, location: 2F 2-2: Strikes out swinging
|
Top of the 10th over - 0 runs, 1 hit, 0 errors, 1 left on base; Spokane 1 - Tacoma 1 |
BOTTOM OF THE 10TH |
Tacoma Cubs batting - Pitching for Spokane Indians : LHP Joe Hesketh
|
Pitching: LHP Michael Nored
|
|
Batting: RHB Billy Cree
|
0-0: Called Strike 0-1: Ball 1-1: Ball 2-1: SINGLE (Line Drive, 89S, EV 98.1 MPH)
|
Batting: LHB Thad Bosley
|
0-0: Sac Bunt to 13S - play at first, batter OUT! 1-3 Billy Cree to second
|
Batting: RHB Amos Lewis
|
0-0: Intentional Walk
|
Pinch Runner at 2nd John D Morris:
|
|
Batting: LHB Jim Tracy
|
0-0: Swinging Strike 0-1: Foul Ball, location: 2F 0-2: Strikes out swinging
|
Batting: RHB Alex Trevino
|
0-0: Ball 1-0: Foul Ball, location: 2F 1-1: Ball 2-1: Foul Ball, location: 2F 2-2: Ball 3-2: Base on Balls John D Morris to third Amos Lewis to second
|
Batting: LHB John Elway
|
0-0: Swinging Strike 0-1: Swinging Strike 0-2: Ground out U3 (Groundball, 34, EV 85.0 MPH)
|
Bottom of the 10th over - 0 runs, 1 hit, 0 errors, 3 left on base; Spokane 1 - Tacoma 1 |
TOP OF THE 11TH |
Spokane Indians batting - Pitching for Tacoma Cubs : RHP Paul Thormodsgard
|
Now at 2B: Garry Keeton
|
|
Pinch Hitting: RHB George Foussianes
|
0-0: Called Strike 0-1: Ball 1-1: Swinging Strike 1-2: Strikes out swinging
|
Batting: RHB Craig Landis
|
0-0: Ball 1-0: Ball 2-0: Called Strike 2-1: Foul Ball, location: 2F 2-2: Strikes out looking
|
Batting: SHB Mark Gillaspie
|
0-0: Called Strike 0-1: Ball 1-1: Ball 2-1: Foul Ball, location: 2F 2-2: SOLO HOME RUN (Flyball, 89XD, EV 95.0 MPH), Distance : 419 ft
|
Batting: LHB Stu Pederson
|
0-0: Called Strike 0-1: Swinging Strike 0-2: Ball 1-2: Ball 2-2: Ground out 6-3 (Groundball, 6S, EV 87.5 MPH)
|
Top of the 11th over - 1 run, 1 hit, 0 errors, 0 left on base; Spokane 2 - Tacoma 1 |
BOTTOM OF THE 11TH |
Tacoma Cubs batting - Pitching for Spokane Indians : LHP Michael Nored
|
Pitching: RHP James Quinn
|
|
Now at SS: Albert Rausch
|
|
Now in RF: John Elder
|
|
Batting: RHB Glenn Hubbard
|
0-0: Called Strike 0-1: Ground out 6-3 (Groundball, 6, EV 80.6 MPH)
|
Batting: LHB Broderick Perkins
|
0-0: Ground out 5-3 (Groundball, 5, EV 81.3 MPH)
|
Batting: LHB Dan Pasqua
|
0-0: Called Strike 0-1: Ball 1-1: Called Strike 1-2: Ball 2-2: Strikes out swinging
|
Bottom of the 11th over - 0 runs, 0 hits, 0 errors, 0 left on base; Spokane 2 - Tacoma 1 |
|